AoeStats
← SaulSarro

Arena

507884981Analyzed
1v1 RM · 10d ago on Sep 20, 2026· 44m 0s· 2 players
Game mode
Random Map
Map size
Tiny (2 player)
Population
200
Speed
Normal
Resources
Standard
Victory
Conquest
Starting age
Dark Age
Ending age
Imperial Age
RankedLock teamsTeams togetherTeam positionsShared explorationLock speedFull tech treeHidden civsTurbo modeCheats
Victory
Defeat
🇳🇱 Magyars · Netherlands
829
+16
🇲🇽 Dravidians · Mexico
820
-16
SaulSarro
2:37 Loom
12:11 Feudal Age
12:38 Double-Bit Axe
12:48 Gold Mining
12:49 Stone Mining
12:24 Man-at-Arms
12:50 Arson
18:22 Forging
18:13 Scale Mail Armor
18:24 Horse Collar
24:31 Castle Age
23:23 Scale Barding Armor
25:47 Heavy Plow
25:55 Squires
25:40 Gambesons
25:59 Husbandry
26:18 Chain Mail Armor
27:44 Medical Corps
28:07 Chain Barding Armor
28:22 Iron Casting
29:46 Bow Saw
35:05 Pikeman
40:51 Wheelbarrow
40:02 Town Watch
SmellyMcSmonker
11:04 Feudal Age
11:31 Double-Bit Axe
13:48 Town Watch
17:42 Castle Age
16:01 Horse Collar
16:45 Loom
21:40 Bow Saw
21:33 Heavy Plow
22:10 Fletching
23:09 Bodkin Arrow
25:50 Ballistics
26:35 Gold Mining
26:59 Corvinian Army
29:04 Scale Barding Armor
30:27 Chain Barding Armor
30:39 Husbandry
30:50 Bloodlines
35:32 Imperial Age
38:27 Conscription
38:45 Wheelbarrow
38:43 Bracer
39:34 Town Patrol
40:34 Crop Rotation
40:52 Murder Holes
41:58 Chemistry
43:19 Plate Barding Armor
43:28 Elite Magyar Huszar
Connection lost

Rejoining the realm…

Still unreachable

The connection could not be restored.

Session expired

The server has moved on; the page needs a fresh start.